Map: Riptide

Players

SeiRioS

  • Race: Zerg Zerg

yalma

  • Race: Protoss Protoss

NONAMEEEEEEE

  • Race: Protoss Protoss
  • League: Master

baki

  • Race: Terran Terran

SupplyBlocK - Winner!

  • Race: Terran Terran
  • League: Grandmaster

Rimaani - Winner!

  • Race: Terran Terran

Toasted - Winner!

  • Race: Protoss Protoss
  • League: Diamond

ToniFlex - Winner!

  • Race: Zerg Zerg
  • League: Diamond

VOD

Have the link to the VOD?

Description

Time

  • Played on: Oct. 21, 2026, 7:47 a.m.
  • Length: 18:00
Show
View Real Time Build Order
Export as new Build Order

SeiRioS Zerg 

Build Orders: Hatch First, Lurkers, Zergling Baneling 

Get SALT Encoding   

  12  0:02  Drone  
  13  0:09  Drone  
  14  0:17  Overlord  
  14  0:35  Drone x2  
  15  0:36  Drone  
  17  0:53  Drone, Hatchery  
  17  1:02  Drone  
  18  1:11  Spawning Pool  
  18  1:15  Drone  
  18  1:18  Drone  
  18  1:19  Extractor  
  18  1:31  Drone  
  20  1:38  Hatchery  
  19  1:54  Overlord  
  19  1:55  Hatchery  
  19  1:58  Zergling x2  
  19  2:03  Drone  
  20  2:13  Zergling x2  
  21  2:21  Metabolic Boost  
  21  2:23  Queen  
  23  2:31  Zergling x2  
  23  2:34  Overlord  
  24  2:45  Zergling x2  
  25  2:52  Zergling x2  
  25  2:54  Queen  
  25  2:55  Zergling x2  
  29  3:01  Spore Crawler  
  29  3:05  Zergling x2  
  29  3:10  Zergling x2  
  30  3:21  Drone x3  
  30  3:22  Drone  
  30  3:24  Zergling x2  
  33  3:33  Baneling Nest  
  30  3:36  Zergling x2  
  30  3:38  Zergling x2  
  30  3:41  Zergling x2  
  32  3:44  Zergling x2  
  31  3:49  Zergling x2  
  31  3:52  Zergling x2  
  31  3:54  Zergling x2  
  34  3:57  Zergling x2  
  34  4:02  Drone, Zergling x2  
  37  4:05  Zergling x2  
  37  4:08  Zergling x2  
  27  4:12  Zergling x2  
  27  4:16  Baneling  
  27  4:17  Baneling  
  28  4:18  Baneling  
  28  4:22  Baneling  
  29  4:24  Zergling x2  
  29  4:26  Baneling  
  29  4:30  Zergling x2  
  30  4:34  Baneling  
  30  4:38  Zergling x2  
  30  4:43  Zergling x2  
  28  4:46  Zergling x4  
  28  4:51  Zergling x2  
  27  4:52  Baneling  
  27  4:54  Baneling  
  27  4:57  Zergling x2  
  28  5:01  Zergling x2  
  29  5:09  Zergling x4  
  26  5:17  Zergling x4  
  23  5:26  Drone x2  
  24  5:28  Baneling  
  24  5:33  Drone  
  25  5:38  Drone  
  25  5:46  Zergling x4  
  20  5:59  Zergling x2  
  20  6:01  Overlord  
  19  6:15  Overlord  
  19  6:32  Drone, Hatchery  
  20  6:33  Drone  
  20  6:36  Drone  
  21  6:40  Drone  
  21  6:45  Drone  
  23  6:52  Baneling  
  23  6:55  Spore Crawler  
  23  6:57  Drone  
  23  7:03  Drone x2  
  23  7:07  Drone  
  26  7:09  Drone  
  27  7:16  Overlord  
  27  7:23  Drone  
  27  7:24  Drone  
  27  7:25  Drone  
  27  7:28  Drone  
  31  7:33  Drone  
  32  7:39  Queen  
  32  7:43  Drone  
  35  7:45  Drone  
  35  7:47  Drone  
  37  7:55  Drone  
  37  7:56  Drone  
  37  7:57  Evolution Chamber  
  37  7:58  Drone  
  39  8:01  Drone  
  39  8:03  Drone  
  41  8:09  Drone  
  41  8:10  Drone  
  43  8:14  Lair  
  43  8:16  Drone  
  44  8:28  Baneling x3  
  44  8:31  Drone  
  44  8:32  Drone x4  
  48  8:43  Extractor, Drone  
  48  8:44  Drone x2, Extractor  
  48  8:47  Drone, Extractor  
  48  8:53  Zergling x4  
  49  8:58  Overlord  
  49  8:59  Overlord x3  
  49  9:05  Zerg Ground Armor Level 1  
  49  9:07  Extractor  
  49  9:09  Zergling x2  
  49  9:19  Zergling x4  
  49  9:20  Zergling x4  
  49  9:21  Hatchery  
  52  9:24  Centrifugal Hooks  
  52  9:29  Baneling x3, Spore Crawler  
  52  9:30  Hatchery, Baneling  
  50  9:33  Zergling x4  
  50  9:36  Zergling x2  
  50  9:37  Zergling x8  
  58  9:42  Drone x2  
  58  9:45  Drone  
  60  9:48  Drone  
  60  9:52  Drone  
  62  9:55  Drone  
  63  10:00  Evolution Chamber  
  63  10:03  Drone  
  63  10:04  Drone, Hydralisk Den  
  63  10:07  Spore Crawler  
  62  10:16  Drone x4  
  62  10:21  Queen  
  68  10:22  Drone x2, Extractor  
  68  10:27  Zergling x2  
  68  10:28  Queen  
  72  10:31  Zerg Missile Weapons Level 1  
  72  10:37  Drone x2  
  72  10:38  Drone  
  75  10:43  Zergling x4  
  75  10:47  Zergling x2  
  78  10:53  Grooved Spines  
  78  10:58  Lurker Den  
  78  11:00  Drone x2  
  78  11:01  Drone x2  
  78  11:03  Drone x2  
  78  11:04  Drone x2  
  85  11:06  Baneling x4  
  85  11:07  Baneling x4  
  85  11:17  Zerg Ground Armor Level 2  
  85  11:24  Baneling x3  
  85  11:28  Hatchery  
  85  11:29  Extractor  
  83  11:33  Extractor  
  83  11:39  Hydralisk x5  
  76  11:42  Overlord  
  82  11:51  Spore Crawler  
  82  11:53  Spore Crawler  
  78  11:55  Spore Crawler  
  74  12:07  Lurker Den, Hydralisk Den  
  57  12:21  Overlord  
  54  12:24  Muscular Augments  
  52  12:31  Overlord x5  
  52  12:32  Overlord x2  
  50  12:54  Spire  
  50  12:57  Spawning Pool  
  49  13:02  Drone x3  
  49  13:03  Drone x7  
  49  13:04  Drone  
  60  13:10  Drone  
  60  13:11  Drone  
  62  13:13  Drone  
  63  13:33  Overlord  
  63  13:44  Overlord  
  63  13:48  Zergling x10  
  66  13:49  Zergling x2  
  66  13:52  Spore Crawler  
  66  13:54  Hydralisk x2, Extractor  
  66  13:55  Hydralisk x2  
  75  14:00  Lurker x2  
  75  14:02  Queen  
  79  14:03  Hydralisk  
  79  14:05  Hydralisk  
  83  14:10  Hydralisk  
  85  14:17  Hydralisk x3  
  85  14:19  Hydralisk  
  93  14:29  Lurker  
  94  14:31  Baneling Nest  
  94  14:37  Drone  
  94  14:38  Drone x3  
  97  14:43  Zerg Missile Weapons Level 2  
  97  14:47  Lurker  
  97  14:50  Infestation Pit  
  97  15:04  Lurker  
  97  15:05  Overlord x2  
  97  15:06  Overlord x2  
  97  15:14  Queen, Hydralisk  
  97  15:15  Hydralisk x3  
  97  15:18  Hydralisk  
  97  15:19  Hatchery  
  97  15:20  Hydralisk  
  96  15:22  Hydralisk  
  96  15:28  Hydralisk x2  
  91  15:36  Lurker x2  
  91  15:38  Lurker  
  94  15:49  Drone x2  
  96  15:50  Queen  
  96  15:51  Drone x4  
  96  15:52  Drone x5  
  107  16:04  Spore Crawler  
  107  16:05  Drone x3  
  107  16:10  Hive  
  109  16:13  Drone  
  109  16:14  Drone x4  
  114  16:21  Lurker x2  
  114  16:22  Lurker x3  
  120  16:25  Drone x3  
  120  16:32  Queen  
  124  16:33  Overlord x3  
  124  16:38  Zergling x2  
  125  16:41  Zergling x4  
  125  16:42  Zergling x2  
  128  16:47  Zergling x8  
  132  17:01  Hydralisk x4  
  132  17:08  Queen  
  142  17:09  Hydralisk x5  
  142  17:10  Hydralisk  
  152  17:20  Hydralisk  
  152  17:21  Hydralisk x2  
  158  17:29  Overlord x2  
  158  17:32  Hydralisk x4  
Show
View Real Time Build Order
Export as new Build Order

yalma Protoss 

Build Orders: Cannon Rush 

Get SALT Encoding   

  12  0:01  Probe  
  13  0:13  Probe  
  14  0:20  Pylon  
  14  0:25  Probe  
  15  0:39  Forge  
  15  0:41  Probe  
  16  0:53  Probe  
  16  0:57  Pylon  
  17  1:01  Pylon  
  17  1:31  Photon Cannon, Gateway  
  17  1:35  Photon Cannon  
  17  1:42  Photon Cannon  
  17  1:54  Photon Cannon  
  17  2:03  Photon Cannon  
  17  2:05  Photon Cannon  
  17  2:16  Photon Cannon  
  16  2:29  Zealot  
  18  2:35  Probe  
  19  2:47  Probe  
  19  2:48  Nexus  
  20  3:03  Probe  
  21  3:12  Assimilator  
  19  3:13  Pylon  
  19  3:15  Probe  
  20  3:27  Probe (Chrono Boost)  
  20  3:32  Assimilator  
  19  3:36  Gateway  
  19  3:39  Probe (Chrono Boost)  
  20  3:42  Pylon  
  20  3:47  Probe (Chrono Boost)  
  21  3:54  Probe (Chrono Boost)  
  21  4:03  Probe (Chrono Boost)  
  21  4:06  Probe (Chrono Boost)  
  23  4:13  Probe (Chrono Boost)  
  23  4:14  Probe (Chrono Boost)  
  25  4:18  Probe (Chrono Boost), Gateway  
  25  4:20  Probe  
  25  4:23  Cybernetics Core  
  27  4:29  Probe  
  28  4:32  Probe  
  29  4:42  Probe (Chrono Boost)  
  31  4:47  Probe (Chrono Boost)  
  32  4:52  Pylon  
  32  4:54  Probe (Chrono Boost)  
  32  4:56  Warp Gate (Chrono Boost)  
  33  5:00  Probe x2 (Chrono Boost), Gateway  
  33  5:06  Twilight Council  
  34  5:10  Probe (Chrono Boost)  
  34  5:12  Probe (Chrono Boost), Pylon  
  37  5:24  Probe (Chrono Boost)  
  37  5:25  Probe (Chrono Boost)  
  37  5:27  Gateway  
  38  5:28  Probe (Chrono Boost)  
  38  5:33  Probe  
  40  5:37  Assimilator  
  40  5:39  Probe  
  40  5:40  Assimilator  
  40  5:42  Stalker  
  43  5:45  Probe, Charge (Chrono Boost)  
  43  5:48  Dark Shrine  
  44  5:51  Probe  
  46  5:57  Probe  
  46  6:04  Protoss Ground Armor Level 1 (Chrono Boost)  
  46  6:11  Gateway  
  46  6:12  Gateway  
  46  6:13  Gateway  
  46  6:26  Robotics Facility  
  46  6:47  Zealot x4  
  46  6:50  Nexus  
  46  6:53  Pylon  
  54  7:07  Pylon  
  54  7:13  Observer  
  55  7:20  Shield Battery  
  55  7:22  Photon Cannon  
  55  7:23  Photon Cannon  
  55  7:27  Assimilator, Zealot x2  
  59  7:31  Observer, Assimilator  
  59  7:35  Shield Battery  
  59  7:36  Dark Templar x2  
  64  7:39  Dark Templar  
  66  7:44  Dark Templar  
  66  7:47  Probe x2, Protoss Ground Weapons Level 1 (Chrono Boost)  
  66  7:48  Observer  
  71  7:55  Robotics Bay  
  71  7:59  Probe  
  71  8:01  Probe  
  71  8:03  Probe  
  74  8:09  Robotics Facility  
  74  8:11  Probe  
  75  8:14  Probe  
  75  8:15  Probe  
  75  8:17  Zealot x2  
  81  8:23  Probe  
  82  8:27  Pylon, Probe  
  83  8:40  Extended Thermal Lance (Chrono Boost)  
  83  8:43  Colossus  
  89  8:49  Probe  
  90  9:01  Probe  
  91  9:06  Colossus  
  97  9:13  Probe  
  98  9:26  Probe  
  98  9:27  Forge  
  98  9:31  Pylon  
  99  9:32  Pylon  
  99  9:37  Colossus (Chrono Boost)  
  99  9:38  Probe  
  106  9:41  Protoss Shields Level 1 (Chrono Boost)  
  106  9:45  Pylon  
  104  9:46  Pylon  
  98  9:57  Colossus (Chrono Boost)  
  98  9:58  Zealot x2  
  98  9:59  Zealot x2  
  106  10:04  Photon Cannon  
  112  10:25  Protoss Ground Armor Level 2 (Chrono Boost)  
  112  10:26  Colossus (Chrono Boost)  
  114  10:42  Colossus (Chrono Boost)  
  114  10:43  Stalker x4, Nexus  
  114  10:44  Pylon  
  114  10:47  Zealot  
  114  10:48  Pylon, Zealot  
  124  10:54  Dark Templar  
  115  10:57  Probe  
  112  11:10  Probe  
  113  11:11  Colossus (Chrono Boost)  
  113  11:12  Assimilator  
  113  11:18  Pylon  
  119  11:19  Pylon  
  119  11:22  Probe, Protoss Ground Weapons Level 2 (Chrono Boost)  
  120  11:30  Colossus (Chrono Boost)  
  126  11:34  Probe  
  126  11:38  Photon Cannon  
  121  11:46  Probe  
  120  11:55  Colossus (Chrono Boost)  
  120  11:58  Probe  
  126  12:01  Nexus  
  126  12:04  Pylon  
  126  12:06  Pylon  
  109  12:24  Observer (Chrono Boost)  
  109  12:26  Dark Templar  
  109  12:27  Dark Templar x5  
  112  12:38  Colossus  
  112  12:39  Archon x2  
  110  12:56  Shield Battery  
  80  12:59  Shield Battery  
  80  13:01  Probe  
  80  13:02  Probe x2, Photon Cannon  
  80  13:03  Photon Cannon  
  80  13:05  Photon Cannon  
  83  13:13  Probe  
  83  13:17  Dark Templar x3  
  83  13:18  Assimilator  
  90  13:23  Assimilator, Stalker  
  90  13:25  Probe  
  93  13:37  Probe  
  88  13:47  Zealot x4  
  96  13:49  Probe  
  96  13:50  Colossus  
  96  13:51  Colossus  
  109  14:01  Probe  
  97  14:04  Probe  
  97  14:06  Dark Templar x2  
  102  14:16  Probe (Chrono Boost)  
  103  14:17  Gateway  
  103  14:25  Pylon  
  103  14:26  Assimilator  
  103  14:27  Probe (Chrono Boost)  
  105  14:34  Probe (Chrono Boost)  
  105  14:35  Probe (Chrono Boost)  
  105  14:37  Protoss Ground Armor Level 3 (Chrono Boost)  
  106  14:39  Probe (Chrono Boost)  
  107  14:48  Photon Cannon  
  107  14:50  Probe  
  108  14:54  Photon Cannon  
  108  14:56  Assimilator  
  108  15:02  Probe  
  109  15:15  Probe  
  79  15:30  Dark Templar x2  
  79  15:31  Dark Templar x4  
  63  16:00  Robotics Bay  
  63  16:03  Gateway  
  63  16:05  Zealot x2  
  63  16:06  Zealot x4  
  63  16:07  Gateway  
  63  16:09  Gateway  
  75  16:22  Immortal x2 (Chrono Boost)  
  83  16:35  Dark Templar x5  
  83  16:36  Dark Templar  
  91  16:58  Colossus x2 (Chrono Boost), Stalker x2  
  107  17:03  Probe  
  104  17:15  Probe  
  104  17:19  Stalker  
  104  17:20  Stalker x4  
  115  17:28  Probe  
Show
View Real Time Build Order
Export as new Build Order

NONAMEEEEEEE Protoss 

Build Orders: Nexus First, Phoenix Opening, Carriers, Mass Phoenix 

Get SALT Encoding   

  12  0:00  Probe  
  13  0:13  Pylon  
  13  0:17  Probe (Chrono Boost)  
  15  0:29  Probe (Chrono Boost)  
  15  0:34  Probe (Chrono Boost)  
  16  0:43  Probe  
  17  0:57  Nexus  
  17  1:07  Gateway  
  17  1:10  Probe  
  18  1:14  Assimilator  
  18  1:19  Assimilator  
  18  1:23  Probe (Chrono Boost)  
  20  1:32  Probe (Chrono Boost)  
  20  1:37  Probe (Chrono Boost)  
  21  1:49  Probe  
  22  1:54  Cybernetics Core  
  22  2:01  Probe (Chrono Boost)  
  23  2:09  Probe (Chrono Boost)  
  23  2:13  Probe (Chrono Boost)  
  25  2:18  Probe (Chrono Boost)  
  25  2:19  Probe (Chrono Boost)  
  25  2:20  Assimilator  
  27  2:22  Assimilator  
  27  2:23  Probe (Chrono Boost)  
  27  2:28  Probe  
  29  2:33  Stargate  
  29  2:35  Probe  
  30  2:38  Stargate  
  30  2:40  Probe  
  31  2:47  Probe  
  31  2:48  Pylon  
  32  2:52  Probe  
  33  2:59  Probe  
  33  3:04  Probe  
  35  3:11  Probe  
  36  3:16  Phoenix, Probe  
  39  3:21  Phoenix  
  41  3:28  Fleet Beacon  
  41  3:29  Probe  
  41  3:31  Probe  
  43  3:41  Pylon, Probe  
  43  3:44  Probe  
  45  3:54  Probe  
  46  3:59  Phoenix x2  
  46  4:00  Pylon  
  50  4:06  Probe x2  
  52  4:24  Gateway, Phoenix x2 (Chrono Boost)  
  56  4:26  Stargate  
  56  4:29  Pylon  
  56  4:31  Probe x2  
  58  4:45  Probe x2  
  60  4:46  Phoenix x2 (Chrono Boost)  
  64  5:20  Pylon x2  
  61  5:30  Anion Pulse-Crystals (Chrono Boost)  
  61  5:33  Nexus  
  61  5:34  Pylon  
  61  5:38  Phoenix x2  
  61  6:03  Phoenix x2  
  61  6:04  Probe x2  
  65  6:06  Pylon  
  65  6:10  Stargate  
  65  6:12  Stargate  
  65  6:15  Phoenix, Assimilator  
  65  6:16  Probe  
  68  6:19  Assimilator  
  68  6:23  Probe  
  69  6:28  Phoenix x2, Probe  
  74  6:35  Probe  
  75  6:40  Phoenix  
  75  6:47  Probe x2  
  77  6:53  Phoenix x2, Probe  
  82  6:59  Probe  
  82  7:00  Phoenix x2  
  85  7:02  Probe  
  85  7:05  Phoenix, Probe  
  89  7:18  Phoenix x2  
  93  7:25  Phoenix x2  
  93  7:27  Probe x3, Pylon  
  100  7:30  Pylon  
  100  7:33  Phoenix  
  100  7:35  Protoss Air Weapons Level 1  
  102  7:39  Probe  
  99  8:09  Carrier x2  
  107  8:13  Nexus  
  107  8:15  Pylon  
  107  8:16  Pylon  
  107  8:24  Carrier  
  111  8:38  Carrier  
  115  8:44  Forge, Shield Battery  
  115  8:47  Probe  
  115  8:48  Shield Battery, Probe x2  
  118  8:55  Carrier  
  124  9:00  Probe  
  123  9:20  Carrier  
  128  9:32  Probe x4  
  128  9:37  Carrier  
  138  9:41  Protoss Air Weapons Level 2 (Chrono Boost)  
  138  9:44  Probe x3  
  141  9:49  Carrier  
  147  9:55  Probe  
  147  9:56  Probe x3  
  151  10:07  Probe  
  152  10:16  Assimilator  
  152  10:18  Assimilator  
  152  10:19  Photon Cannon  
  152  10:20  Photon Cannon  
  152  10:22  Photon Cannon x2  
  152  10:24  Photon Cannon  
  152  10:40  Photon Cannon  
  152  10:43  Photon Cannon  
  152  10:47  Pylon  
  152  11:05  Carrier x2  
  152  11:10  Pylon  
  152  11:11  Pylon  
  164  11:29  Carrier  
  176  11:37  Carrier  
  171  12:02  Mothership  
  171  12:04  Nexus  
  155  12:24  Carrier  
  129  12:59  Pylon  
  129  13:01  Pylon  
  129  13:09  Pylon  
  129  13:10  Carrier  
  129  13:11  Cybernetics Core, Nexus  
  129  13:32  Pylon  
  129  14:04  Stargate  
  129  14:05  Stargate, Fleet Beacon  
  129  14:06  Phoenix x2  
  133  14:14  Phoenix  
  130  14:37  Phoenix  
  130  14:38  Phoenix  
  121  14:39  Phoenix  
  118  15:02  Phoenix  
  118  15:03  Phoenix  
  122  15:08  Carrier  
  114  15:28  Carrier x2  
  108  16:09  Carrier (Chrono Boost)  
  58  16:29  Carrier (Chrono Boost)  
  58  16:30  Carrier (Chrono Boost)  
  70  16:36  Nexus  
  70  16:41  Pylon  
  70  16:43  Assimilator  
  70  16:45  Assimilator, Probe x2  
  80  16:47  Stargate x2, Mothership (Chrono Boost)  
  80  16:57  Probe  
  80  16:58  Probe  
  88  17:10  Probe x2 (Chrono Boost)  
  90  17:22  Probe (Chrono Boost)  
  92  17:28  Probe (Chrono Boost)  
  99  17:30  Probe (Chrono Boost)  
  99  17:34  Probe (Chrono Boost)  
Show
View Real Time Build Order
Export as new Build Order

baki Terran 

Build Orders: Reaper Expand 

Get SALT Encoding   

  12  0:00  SCV  
  13  0:12  SCV  
  14  0:17  Supply Depot  
  14  0:24  SCV  
  15  0:39  SCV, Barracks  
  16  0:43  Refinery  
  16  0:51  SCV  
  17  1:03  SCV  
  18  1:15  SCV  
  19  1:25  Reaper  
  19  1:28  Orbital Command  
  20  1:41  Command Center  
  20  1:52  Supply Depot  
  20  1:54  SCV  
  20  1:59  Marine  
  22  2:05  Factory  
  23  2:08  SCV  
  23  2:14  Refinery  
  23  2:20  SCV  
  24  2:29  Barracks  
  24  2:32  Barracks Reactor  
  24  2:33  SCV  
  25  2:45  SCV  
  26  2:58  SCV  
  27  3:00  Orbital Command  
  26  3:07  Starport  
  26  3:13  Marine x2  
  26  3:17  Factory Reactor  
  26  3:18  Barracks Tech Lab  
  28  3:21  SCV  
  28  3:26  Bunker, SCV  
  30  3:31  Marine x2  
  30  3:33  Bunker  
  32  3:37  Marine  
  32  3:41  Stimpack  
  33  3:47  SCV x2  
  35  3:49  Marine x2  
  36  3:55  Marine  
  36  3:59  SCV x2  
  39  4:07  Marine x2  
  41  4:11  Bunker  
  41  4:12  Medivac  
  41  4:13  Medivac, Marine  
  46  4:35  Supply Depot  
  46  4:39  Supply Depot  
  46  4:44  Marine  
  46  4:45  SCV  
  46  4:46  Marine  
  46  4:47  SCV, Marine  
  46  4:49  Widow Mine  
  46  4:51  Medivac  
  46  4:57  SCV  
  46  4:59  SCV, Supply Depot  
  48  5:00  Supply Depot  
  48  5:02  Marine  
  48  5:04  Marine  
  48  5:05  Marine  
  51  5:10  SCV, Widow Mine  
  51  5:11  SCV  
  55  5:20  Marine  
  56  5:21  Supply Depot, Marine  
  56  5:22  SCV  
  56  5:23  Marine  
  56  5:24  Engineering Bay  
  58  5:32  Widow Mine  
  60  5:38  Marine  
  60  5:39  Marine  
  60  5:40  Marine  
  63  5:48  Command Center  
  63  5:56  Marine  
  60  5:57  Marine  
  60  5:58  Marine  
  60  6:01  Factory Tech Lab  
  62  6:09  Barracks  
  62  6:10  Barracks x2  
  62  6:12  Barracks  
  62  6:13  Refinery  
  62  6:14  Marine  
  62  6:15  Refinery, Marine  
  62  6:16  Marine  
  65  6:21  Terran Infantry Weapons Level 1  
  65  6:22  Missile Turret  
  65  6:26  Engineering Bay  
  65  6:29  SCV x2  
  65  6:31  Marine  
  68  6:33  Marine, Combat Shield  
  68  6:34  Marine  
  68  6:37  Siege Tank  
  73  6:41  SCV  
  73  6:43  SCV  
  75  6:49  Marine  
  75  6:50  Marine  
  75  6:52  Marine  
  75  6:53  SCV  
  79  6:59  Barracks Tech Lab, Barracks Reactor  
  79  7:00  Barracks Tech Lab  
  79  7:01  Barracks Reactor  
  79  7:05  SCV  
  79  7:06  SCV  
  79  7:07  Marine  
  82  7:08  Marine  
  82  7:09  Siege Tank  
  82  7:10  Marine, Orbital Command  
  87  7:17  SCV, Terran Infantry Armor Level 1  
  87  7:18  SCV  
  89  7:25  Marine, Armory  
  89  7:26  Marine  
  89  7:27  Marine  
  76  7:37  Marine x4  
  76  7:38  Marine x2  
  76  7:43  Marine  
  81  7:44  Marine  
  81  7:45  Marine  
  81  7:49  Siege Tank  
  86  7:52  SCV x2  
  86  7:55  Marine x5, SCV  
  86  7:56  Marine  
  95  8:00  Marine  
  95  8:02  Marine  
  95  8:03  Marine  
  95  8:04  SCV  
  96  8:06  SCV  
  96  8:08  SCV  
  98  8:12  Marine  
  98  8:13  Marine  
  98  8:16  SCV  
  101  8:20  Armory  
  101  8:26  SCV  
  101  8:28  SCV  
  101  8:29  SCV  
  101  8:33  Marine x5  
  100  8:36  Marine  
  101  8:51  SCV x2, Marine x3  
  101  8:52  Medivac  
  101  8:53  Marine x3  
  101  8:55  Marine  
  101  8:57  Terran Infantry Weapons Level 2  
  101  9:06  Supply Depot x2  
  101  9:08  Supply Depot  
  101  9:09  Supply Depot  
  101  9:21  Marine x2  
  101  9:22  SCV x2, Medivac, Marine x6  
  101  9:23  Siege Tank, Marine  
  101  9:24  SCV  
  90  9:33  Terran Infantry Armor Level 2  
  90  9:34  SCV x2  
  92  9:39  Marine x2  
  92  9:44  Factory  
  94  9:47  Marine x3  
  94  9:48  Marine  
  94  9:50  Medivac  
  100  9:52  Command Center  
  100  9:55  Siege Tank  
  100  9:58  Terran Vehicle Weapons Level 1  
  103  10:07  Refinery  
  103  10:08  Refinery  
  103  10:11  SCV x3  
  105  10:15  Marine x2  
  105  10:17  Marine x3  
  105  10:20  Marine  
  105  10:21  Marine x3  
  88  10:23  SCV x2  
  88  10:27  Medivac x2, Siege Tank  
  94  10:29  Factory Tech Lab  
  94  10:32  Marine  
  94  10:33  Marine  
  94  10:35  Marine x3  
  98  10:38  Marine  
  98  10:39  Marine x3, Supply Depot  
  98  10:50  Marine x2  
  98  10:53  Marine x3  
  98  10:56  Marine x2  
  98  10:57  Marine x2  
  105  10:59  Siege Tank  
  110  11:05  Planetary Fortress  
  110  11:08  Marine x2  
  110  11:10  Marine x2  
  110  11:11  Marine  
  115  11:12  Siege Tank  
  115  11:14  Marine x4  
  122  11:24  Missile Turret  
  122  11:26  Marine x2  
  122  11:28  Marine x2  
  122  11:29  Marine  
  122  11:30  Medivac  
  122  11:31  Siege Tank, Medivac  
  122  11:32  Marine x4  
  125  11:44  Siege Tank, Marine x2  
  125  11:46  Marine x3  
  133  11:50  Marine x4  
  133  11:51  Terran Infantry Weapons Level 3  
  133  11:53  Terran Infantry Armor Level 3  
  137  11:56  Command Center  
  137  12:01  Terran Vehicle Weapons Level 2  
  137  12:02  Marine x2  
  137  12:03  Siege Tank  
  142  12:13  Marine x6  
  142  12:14  Marine  
  149  12:16  Siege Tank  
  149  12:19  Marine  
  149  12:20  Marine  
  154  12:30  Marine  
  154  12:31  Marine, Ghost Academy  
  154  12:33  Missile Turret x2  
  156  12:46  Marine x2  
  156  12:47  Marine x2  
  156  12:48  Marine x4  
  156  12:49  Marine  
  156  12:50  Siege Tank  
  155  12:58  Refinery  
  155  13:00  Refinery  
  155  13:03  Supply Depot  
  155  13:04  Marine, Supply Depot  
  156  13:05  Supply Depot  
  156  13:07  Supply Depot, Marine x6  
  156  13:09  Medivac x2  
  156  13:10  Widow Mine  
  165  13:21  Ghost  
  165  13:22  Siege Tank  
  165  13:25  Ghost x2, Marine  
  175  13:34  Marine  
  175  13:39  Medivac x2  
  173  13:56  Planetary Fortress, Missile Turret  
  173  14:00  Ghost x2  
  173  14:01  Marine x3  
  173  14:02  Marine  
  178  14:09  Medivac x2  
  179  14:25  Terran Vehicle Weapons Level 3  
  179  14:27  Siege Tank  
  179  14:29  Siege Tank  
  185  14:34  Neosteel Armor  
  185  14:39  Medivac  
  185  14:44  Command Center  
  187  14:48  Supply Depot  
  187  15:09  Marine x4, Medivac x2  
  195  15:16  Marine x2  
  195  15:17  Marine  
  195  15:23  Marine  
  195  15:25  Marine  
  195  15:30  Marine  
  195  15:31  Marine  
  195  15:32  Marine x2  
  195  15:34  Marine x2  
  195  15:35  Marine  
  180  15:50  Marine x4  
  180  15:51  Marine x3  
  180  15:52  Marine x2  
  153  16:08  Marine x4  
  153  16:09  Marine x3  
  153  16:10  Marine x2  
  161  16:15  Medivac  
  152  16:25  Medivac  
  133  16:26  Marine x4  
  133  16:27  Marine x4  
  133  16:28  Marine  
  116  16:43  Marine  
  116  16:44  Marine x3, Medivac  
  116  16:45  Ghost x2  
  126  16:53  Marine x2  
  126  16:54  Marine  
  129  16:55  Medivac  
  131  17:01  Marine x2  
  131  17:02  Marine x2  
  106  17:09  Siege Tank  
  106  17:11  Marine  
  106  17:14  Medivac  
  112  17:17  Supply Depot  
  112  17:18  Supply Depot  
  110  17:25  Medivac  
  115  17:30  Marine x2  
  116  17:41  Marine x5  
  116  17:42  Marine x2  
Show
View Real Time Build Order
Export as new Build Order

SupplyBlocK Terran - Winner!

Build Orders: Cyclone Opening 

Get SALT Encoding   

  12  0:00  SCV  
  13  0:12  SCV  
  14  0:21  Supply Depot  
  14  0:24  SCV  
  15  0:43  SCV  
  15  0:44  Barracks  
  15  0:47  Refinery  
  16  0:55  SCV  
  17  1:07  SCV  
  18  1:19  SCV  
  19  1:32  Marine, Orbital Command  
  20  1:41  Command Center  
  20  1:49  Marine  
  21  1:56  Factory  
  21  2:01  SCV  
  22  2:05  Supply Depot  
  22  2:09  Barracks Tech Lab  
  22  2:13  SCV  
  23  2:26  Refinery  
  23  2:27  SCV  
  24  2:41  SCV  
  25  2:46  Cyclone  
  25  2:50  Barracks  
  28  2:53  SCV  
  28  2:55  Orbital Command  
  29  3:02  Barracks Tech Lab  
  29  3:05  SCV  
  29  3:10  Barracks  
  30  3:18  SCV, Siege Tank  
  33  3:28  SCV  
  33  3:30  Stimpack, SCV  
  35  3:39  Barracks Tech Lab  
  35  3:40  SCV  
  36  3:42  SCV, Refinery  
  37  3:52  Supply Depot, SCV  
  37  3:54  SCV  
  39  3:59  Barracks Reactor  
  39  4:02  Marine x2  
  41  4:04  SCV  
  41  4:05  Combat Shield  
  41  4:06  SCV  
  43  4:14  Supply Depot  
  43  4:17  SCV  
  44  4:18  SCV  
  44  4:20  Marine  
  46  4:27  Starport  
  46  4:28  Marine  
  46  4:29  SCV  
  46  4:30  SCV  
  49  4:33  Engineering Bay  
  49  4:36  Supply Depot  
  49  4:37  Marine x2  
  49  4:38  Marine  
  52  4:41  SCV  
  52  4:42  SCV  
  54  4:45  Marine  
  54  4:47  Supply Depot  
  55  4:53  SCV  
  55  4:54  Siege Tank  
  55  4:55  Marine x3  
  62  5:00  Supply Depot  
  62  5:03  Marine  
  63  5:07  Medivac  
  63  5:09  SCV  
  63  5:13  Marine  
  63  5:14  Marine x2, Terran Infantry Weapons Level 1  
  67  5:16  SCV  
  70  5:21  Marine  
  70  5:25  SCV  
  72  5:31  Marine  
  72  5:32  Marine  
  74  5:36  Marine  
  74  5:37  Siege Tank  
  74  5:39  SCV, Marine  
  80  5:46  Command Center  
  80  5:48  Marine  
  73  6:02  SCV x2, Marine x2  
  73  6:03  Marine, Starport Reactor  
  67  6:07  Ghost Academy  
  67  6:08  Marine  
  67  6:10  Refinery, Siege Tank  
  71  6:13  Engineering Bay  
  71  6:14  SCV x2  
  73  6:20  Marine x2  
  73  6:21  Marine  
  76  6:26  Marine, Barracks  
  76  6:27  Barracks  
  76  6:29  Missile Turret  
  76  6:31  SCV x2  
  79  6:41  Ghost x2  
  79  6:44  SCV x2  
  85  6:51  Terran Infantry Armor Level 1  
  85  6:56  Armory  
  85  6:58  Medivac  
  85  7:00  Missile Turret  
  85  7:01  Marine x2  
  89  7:09  Ghost  
  89  7:15  Marine, Siege Tank  
  95  7:19  Marine x2  
  95  7:20  Medivac  
  95  7:21  Marine  
  100  7:31  SCV  
  101  7:46  Marine x6  
  101  7:47  SCV x2  
  109  7:57  SCV  
  108  7:59  SCV x2  
  109  8:06  Marine  
  109  8:07  Barracks Tech Lab, Barracks Reactor  
  109  8:09  Marine  
  109  8:11  SCV  
  109  8:12  SCV  
  109  8:15  Terran Infantry Weapons Level 2  
  109  8:17  Marine, Orbital Command  
  109  8:19  Missile Turret  
  109  8:22  Terran Ship Weapons Level 1, Supply Depot, Ghost  
  109  8:23  Viking, SCV  
  109  8:24  Marine, SCV  
  109  8:26  Supply Depot  
  116  8:27  Marine  
  116  8:28  Missile Turret  
  116  8:32  Marine  
  116  8:33  Siege Tank  
  108  8:34  Marine  
  108  8:36  SCV x2  
  111  8:42  Marine  
  111  8:43  Liberator  
  111  8:45  Marine, SCV  
  111  8:48  SCV  
  118  8:50  Marine  
  118  8:56  Marine x3  
  118  8:57  Marine  
  118  8:58  SCV  
  118  8:59  SCV, Marine  
  118  9:00  SCV  
  129  9:02  Marine  
  129  9:06  Terran Infantry Armor Level 2  
  129  9:08  Marine  
  128  9:11  SCV x2  
  128  9:12  SCV  
  128  9:14  Marine x2  
  133  9:18  Marine x3  
  133  9:20  Marine  
  133  9:23  SCV x2  
  127  9:26  Marine  
  128  9:32  Marine x2  
  128  9:36  Marine x3  
  128  9:38  Refinery  
  133  9:40  Refinery  
  133  9:43  Barracks, Marine, Medivac, SCV  
  133  9:44  Marine, Barracks  
  138  9:50  Supply Depot x2  
  138  9:51  Marine  
  141  9:58  Marine x2  
  141  10:00  Missile Turret  
  141  10:10  Command Center  
  141  10:11  Marine x5  
  141  10:12  Siege Tank  
  146  10:16  Marine  
  146  10:21  Marine, Medivac  
  137  10:22  Medivac  
  135  10:29  Marine x4  
  135  10:30  SCV x3  
  135  10:33  Starport  
  135  10:34  Command Center  
  142  10:35  Barracks Tech Lab  
  142  10:36  Barracks Tech Lab  
  142  10:37  Terran Infantry Weapons Level 3  
  142  10:40  Terran Ship Weapons Level 2  
  142  10:43  Marine  
  142  10:44  SCV  
  142  10:46  Marine x2  
  142  10:47  Marine x3  
  149  10:53  Marine  
  149  10:54  Siege Tank  
  149  10:55  Marine  
  154  10:58  Marine  
  154  11:01  Marine  
  156  11:04  Marine  
  157  11:18  Marine  
  157  11:21  Marine x7, Medivac, SCV x3  
  157  11:23  Terran Infantry Armor Level 3  
  169  11:30  Starport Reactor  
  169  11:32  Supply Depot  
  169  11:33  Supply Depot  
  169  11:35  Supply Depot  
  160  11:41  Viking  
  158  11:51  Viking  
  160  11:56  Marine x2, Marauder x2  
  160  11:57  Marauder x2  
  147  12:19  Marine x3  
  147  12:20  Marine x2, Marauder x4  
  135  12:23  Medivac  
  135  12:24  Medivac x3  
  135  12:25  SCV x2  
  141  12:41  Marauder x2  
  141  12:42  Marauder x2  
  123  12:53  Medivac  
  123  12:54  Medivac, Viking  
  128  13:13  Marine x4, Marauder x2  
  128  13:14  Marine  
  128  13:17  Command Center x2  
  137  13:20  Terran Ship Weapons Level 3  
  137  13:21  SCV  
  137  13:24  Viking  
  137  13:25  Viking x3  
  137  13:43  Siege Tank, Marine  
  137  13:44  Marine x4, Marauder x3  
  137  13:45  Marauder  
  143  13:52  Refinery  
  143  13:54  Refinery, Viking  
  145  14:01  Marine x2  
  145  14:02  Marine x2  
  137  14:03  Marine  
  137  14:04  Viking x2  
  137  14:05  Marine  
  137  14:08  Marine x2  
  137  14:09  Marauder  
  147  14:19  Marine x2  
  147  14:21  Marine  
  147  14:23  Marauder  
  152  14:25  Marine  
  153  14:39  Viking x2  
  153  14:40  Viking x2  
  161  14:53  Marine  
  161  14:54  Marine x2, Marauder  
  166  15:08  Marine x2, Marauder  
  166  15:09  Marine  
  145  15:27  Marine  
  145  15:28  Marauder  
  139  15:34  Marine  
  139  15:35  Marauder  
  139  15:37  SCV x2, Orbital Command  
  139  15:42  Marine  
  120  15:50  SCV x2  
  120  15:52  Ghost  
  124  15:57  Marine  
  124  15:58  Marauder  
  124  16:03  Marine x2  
  124  16:04  Marine  
  129  16:07  Marine  
  129  16:09  Marine  
  132  16:11  Marine  
  132  16:15  Marine  
  134  16:19  Orbital Command  
  134  16:20  Marine  
  134  16:22  Marauder  
  136  16:29  Marine x2  
  138  16:35  Marine  
  137  17:10  Liberator x3  
  142  17:19  Ghost  
  142  17:22  Marine x3  
  146  17:24  SCV  
Show
View Real Time Build Order
Export as new Build Order

Rimaani Terran - Winner!

Build Orders:  

Get SALT Encoding   

  12  0:00  SCV  
  13  0:12  SCV  
  14  0:17  Supply Depot  
  14  0:24  SCV  
  15  0:39  SCV  
  15  0:40  Refinery  
  16  0:43  Barracks  
  16  0:51  SCV  
  17  1:03  SCV  
  18  1:15  SCV  
  18  1:17  Barracks  
  19  1:18  Refinery  
  19  1:27  SCV  
  20  1:36  Bunker  
  20  1:41  Marine  
  21  1:51  Orbital Command  
  21  2:08  Marine  
  22  2:14  Marine, Supply Depot  
  23  2:35  Marine  
  24  2:38  SCV  
  24  2:39  Barracks Tech Lab  
  25  2:44  Factory  
  24  3:04  SCV  
  25  3:06  Barracks Tech Lab, Concussive Shells  
  25  3:09  Supply Depot  
  25  3:25  Supply Depot  
  25  3:30  Factory Tech Lab  
  25  3:31  Marauder  
  27  3:38  Marauder  
  26  4:03  Command Center  
  26  4:05  Siege Tank, SCV  
  30  4:11  Stimpack, Engineering Bay  
  32  4:24  Marauder  
  32  4:29  Supply Depot x2  
  32  4:39  Missile Turret  
  32  4:46  Refinery  
  32  4:47  Refinery  
  32  4:50  Siege Tank  
  36  4:52  SCV  
  36  5:24  Orbital Command  
  36  5:29  Command Center  
  36  5:38  Starport  
  36  5:39  Supply Depot  
  29  6:01  Marine  
  29  6:02  Marine, SCV  
  30  6:04  Missile Turret  
  30  6:14  Barracks x2  
  30  6:18  Missile Turret, Starport Reactor  
  30  6:19  Marine  
  31  6:27  Marine  
  31  6:28  SCV  
  31  6:31  SCV  
  34  6:37  Terran Infantry Armor Level 1  
  34  6:40  Engineering Bay  
  34  6:47  SCV  
  34  6:49  Sensor Tower  
  34  6:50  Marine x2  
  37  6:58  Orbital Command  
  37  7:02  Barracks Reactor  
  37  7:03  Barracks Reactor, SCV  
  37  7:07  Medivac  
  40  7:10  SCV  
  41  7:16  SCV  
  41  7:20  Armory  
  42  7:26  Marine x2  
  42  7:28  SCV x2  
  46  7:33  Terran Infantry Weapons Level 1  
  46  7:40  Missile Turret  
  46  7:43  Marine  
  46  7:44  Marine  
  48  7:45  SCV x2  
  48  7:48  Marine x4  
  54  7:53  Medivac  
  56  7:59  SCV x3  
  56  8:01  Missile Turret, Marine  
  60  8:05  Marine x2  
  60  8:06  Marine x3  
  65  8:22  Missile Turret  
  65  8:24  Missile Turret  
  65  8:25  Missile Turret  
  55  8:29  Marine x4  
  55  8:30  Marine x2  
  53  8:47  Marine x6  
  53  8:48  Medivac x2, Missile Turret  
  63  8:50  SCV, Missile Turret x2  
  64  8:59  SCV x2  
  66  9:05  Marine x3  
  66  9:06  Marine x2  
  71  9:12  Marine  
  71  9:13  SCV  
  71  9:23  Marine x4  
  75  9:24  Medivac  
  75  9:25  Medivac, SCV x3  
  82  9:33  Missile Turret  
  82  9:37  SCV x3  
  60  9:54  SCV, Medivac  
  60  9:55  Medivac  
  65  10:01  Marine x2  
  65  10:04  Command Center  
  67  10:07  Missile Turret  
  67  10:10  Missile Turret  
  67  10:12  Supply Depot, Missile Turret  
  67  10:14  Terran Infantry Weapons Level 2  
  67  10:20  SCV x2  
  69  10:24  Medivac  
  71  10:36  Marine x3  
  71  10:42  SCV x3  
  77  10:47  Marine x3  
  80  10:50  Smart Servos  
  80  10:52  Missile Turret  
  80  10:54  Marine  
  81  10:59  Thor  
  81  11:00  SCV  
  88  11:04  Missile Turret, Marine  
  88  11:05  Marine x3  
  91  11:18  Marine x2  
  92  11:22  Marine x2  
  92  11:23  Marine x2  
  96  11:28  Orbital Command  
  96  11:36  Marine x2, Missile Turret  
  98  11:40  Marine x2  
  98  11:41  Marine x2  
  98  11:42  Siege Tank  
  105  11:48  Barracks x3  
  105  11:52  Barracks  
  105  11:54  Marine x2  
  106  11:58  Marine  
  108  12:07  Marine x3  
  111  12:11  Marine x2  
  113  12:16  Marine  
  112  12:25  Marine x3  
  112  12:29  Marine x2  
  98  12:34  Marine  
  90  12:41  Barracks Tech Lab x4  
  90  12:42  Marine  
  90  12:43  Marine x2  
  89  12:47  Marine x2  
  89  12:48  Viking x2  
  89  12:49  SCV x2  
  89  12:51  SCV x2, Marine  
  93  13:00  Marine x2  
  93  13:01  Marine, SCV x2  
  93  13:02  Terran Infantry Armor Level 2  
  93  13:03  SCV x2, Terran Infantry Weapons Level 3  
  93  13:05  Marine x2  
  102  13:08  Supply Depot  
  102  13:09  Marine  
  102  13:12  Marine x4, Supply Depot  
  105  13:18  Marine x3  
  109  13:23  Marine x2  
  109  13:24  Terran Vehicle And Ship Armor Level 1  
  111  13:27  Marine, SCV  
  111  13:30  Marine x4  
  117  13:36  Marine x3  
  117  13:40  Marine  
  122  13:45  Marine  
  122  13:46  SCV x2  
  122  13:47  SCV  
  128  13:52  Supply Depot x3  
  128  13:54  Marine x2  
  127  13:56  Marauder x2  
  127  14:02  Supply Depot  
  131  14:03  Supply Depot  
  131  14:14  Marauder x4, Supply Depot  
  139  14:17  Marauder x2  
  139  14:19  Marine x4  
  137  14:35  Marine, Marauder x3  
  137  14:37  Marine x4, SCV x3  
  137  14:38  Marine  
  150  14:39  Marauder, Supply Depot  
  153  14:53  Marauder  
  153  14:54  Marine x2  
  153  14:55  Marine x2  
  153  14:56  Marine x4  
  153  14:59  Marine  
  163  15:05  Siege Tank  
  163  15:06  Command Center  
  156  15:12  Marine x4  
  156  15:14  Marine x5  
  156  15:18  Marine  
  153  15:30  Marine x4  
  153  15:31  Marine  
  153  15:32  Marine x4  
  162  15:35  Marine  
  155  15:48  Marine x4  
  155  15:49  Marine  
  150  15:50  Marine x4  
  150  15:53  Marine  
  86  16:06  Marine x4  
  86  16:07  Marine x5  
  89  16:11  Marine  
  89  16:23  Marine  
  89  16:24  Marine x3  
  89  16:25  Marine x5  
  94  16:29  Marine  
  98  16:41  Marine x3  
  98  16:42  Marine  
  98  16:43  Marine x5  
  107  16:47  Marine  
  108  16:59  Marine x4  
  108  17:00  Marine  
  108  17:01  Marine x4  
  113  17:04  Marine  
  113  17:09  Medivac x2  
  113  17:11  Thor  
  113  17:12  SCV x2  
  125  17:17  Marine x4  
  125  17:18  Marine  
  125  17:19  Marine x4  
  125  17:22  Marine  
  135  17:35  Marine x4  
  135  17:36  Marine x4  
  130  17:37  Marauder  
Show
View Real Time Build Order
Export as new Build Order

Toasted Protoss - Winner!

Build Orders: 1 Gate Expand, Phoenix Opening, Mass Phoenix 

Get SALT Encoding   

  12  0:00  Probe  
  13  0:12  Probe  
  14  0:22  Pylon  
  14  0:25  Probe  
  15  0:40  Probe  
  16  0:46  Gateway  
  16  0:52  Probe (Chrono Boost)  
  17  0:58  Assimilator  
  18  1:04  Probe (Chrono Boost)  
  18  1:10  Probe (Chrono Boost)  
  19  1:18  Probe  
  20  1:31  Probe  
  20  1:32  Nexus  
  21  1:46  Cybernetics Core  
  21  1:47  Zealot (Chrono Boost)  
  23  1:59  Pylon  
  23  2:06  Assimilator  
  23  2:17  Probe  
  23  2:21  Stalker (Chrono Boost)  
  26  2:29  Probe  
  25  2:35  Stargate  
  24  2:41  Probe  
  25  2:53  Probe  
  26  3:21  Phoenix  
  28  3:28  Probe  
  28  3:29  Probe, Stargate  
  28  3:33  Shield Battery  
  30  3:36  Assimilator  
  30  3:40  Probe  
  31  3:41  Probe  
  32  3:52  Probe  
  32  3:53  Probe  
  34  4:05  Phoenix  
  36  4:12  Probe  
  37  4:18  Pylon  
  37  4:20  Phoenix (Chrono Boost)  
  39  4:24  Assimilator  
  39  4:25  Probe  
  39  4:26  Probe  
  39  4:28  Pylon  
  39  4:30  Pylon, Phoenix (Chrono Boost)  
  43  4:39  Probe  
  43  4:42  Phoenix (Chrono Boost), Probe  
  47  4:51  Probe  
  48  4:55  Phoenix  
  50  5:04  Nexus  
  50  5:07  Pylon, Probe  
  50  5:08  Probe  
  52  5:19  Probe  
  52  5:20  Probe  
  56  5:21  Phoenix (Chrono Boost)  
  56  5:26  Phoenix (Chrono Boost)  
  58  5:31  Probe  
  58  5:33  Probe  
  60  5:40  Shield Battery  
  60  5:44  Probe, Forge  
  60  5:45  Probe  
  62  5:52  Phoenix (Chrono Boost)  
  62  5:54  Phoenix (Chrono Boost)  
  62  5:56  Probe  
  67  6:08  Pylon  
  67  6:11  Fleet Beacon  
  67  6:16  Phoenix (Chrono Boost)  
  69  6:19  Probe x2  
  69  6:21  Probe  
  72  6:28  Assimilator  
  72  6:31  Probe  
  73  6:33  Probe  
  70  6:54  Phoenix x2  
  70  6:56  Probe x2, Photon Cannon  
  70  6:57  Anion Pulse-Crystals (Chrono Boost)  
  70  7:01  Protoss Air Weapons Level 1 (Chrono Boost)  
  74  7:05  Probe  
  73  7:14  Probe x2  
  71  7:16  Phoenix x2  
  71  7:17  Probe (Chrono Boost)  
  73  7:27  Assimilator  
  73  7:29  Probe (Chrono Boost)  
  76  7:32  Probe x2 (Chrono Boost)  
  76  7:37  Probe (Chrono Boost), Phoenix x2  
  77  7:38  Photon Cannon  
  77  7:39  Probe (Chrono Boost)  
  77  7:40  Probe (Chrono Boost)  
  77  7:43  Probe  
  83  7:50  Probe x2  
  86  7:54  Pylon  
  86  7:56  Probe  
  83  7:59  Stargate  
  83  8:02  Phoenix x2  
  73  8:08  Probe x3  
  74  8:14  Photon Cannon  
  74  8:20  Probe x2  
  74  8:21  Stargate  
  76  8:27  Phoenix x2 (Chrono Boost)  
  80  8:36  Nexus  
  81  8:41  Probe  
  81  8:44  Photon Cannon  
  87  8:50  Phoenix (Chrono Boost)  
  87  8:52  Phoenix x2 (Chrono Boost)  
  87  8:53  Pylon  
  87  8:56  Probe x3  
  87  8:58  Pylon  
  87  9:02  Phoenix (Chrono Boost)  
  90  9:06  Phoenix (Chrono Boost)  
  90  9:07  Phoenix (Chrono Boost)  
  90  9:08  Probe  
  90  9:09  Probe  
  98  9:15  Assimilator  
  98  9:17  Assimilator  
  98  9:19  Phoenix (Chrono Boost), Pylon  
  100  9:29  Probe  
  100  9:30  Probe, Phoenix (Chrono Boost)  
  100  9:31  Protoss Air Weapons Level 2 (Chrono Boost)  
  108  9:33  Phoenix (Chrono Boost)  
  108  9:37  Phoenix (Chrono Boost), Photon Cannon  
  108  9:38  Phoenix (Chrono Boost)  
  111  9:45  Probe  
  111  9:47  Phoenix  
  111  9:48  Probe  
  111  9:49  Probe x2  
  111  9:51  Phoenix  
  118  9:55  Phoenix  
  118  9:59  Phoenix  
  122  10:04  Photon Cannon  
  122  10:06  Photon Cannon  
  122  10:09  Photon Cannon  
  122  10:13  Pylon  
  122  10:16  Phoenix x2, Pylon  
  122  10:21  Phoenix  
  128  10:25  Phoenix  
  130  10:41  Phoenix x2  
  134  10:46  Phoenix  
  136  10:50  Phoenix  
  138  11:06  Phoenix x2  
  138  11:11  Phoenix  
  144  11:15  Phoenix  
  146  11:29  Protoss Air Weapons Level 3 (Chrono Boost)  
  146  11:31  Phoenix x2  
  150  11:36  Phoenix  
  152  11:40  Phoenix  
  154  11:55  Phoenix  
  154  11:56  Phoenix  
  154  12:00  Phoenix  
  160  12:05  Phoenix  
  162  12:20  Phoenix  
  164  12:49  Phoenix x2  
  156  13:00  Tempest x2  
  156  13:02  Protoss Shields Level 1  
  164  13:36  Pylon  
  164  13:39  Pylon  
  164  13:42  Pylon  
  164  13:44  Pylon  
  164  13:46  Pylon, Tempest x2  
  164  13:47  Pylon  
  164  13:48  Tempest  
  164  13:49  Tempest  
  164  13:54  Pylon x2  
  172  13:56  Protoss Air Armor Level 1 (Chrono Boost)  
  172  13:57  Pylon  
  172  13:59  Pylon, Robotics Facility  
  172  14:00  Twilight Council  
  180  14:27  Tempest x2 (Chrono Boost)  
  180  14:30  Tempest (Chrono Boost)  
  180  14:31  Tempest (Chrono Boost)  
  196  15:06  Tempest (Chrono Boost)  
  198  15:20  Unknown  
  184  15:42  Tempest x4  
  150  16:24  Tempest  
  150  16:25  Tempest x3  
  158  16:31  Probe x3  
  158  16:32  Probe  
  162  16:43  Probe x2  
  162  16:44  Probe x2  
  166  16:52  Observer  
  167  16:55  Probe  
  167  16:56  Probe x3  
  171  17:07  Tempest x2  
  171  17:08  Tempest x2  
  179  17:15  Probe  
Show
View Real Time Build Order
Export as new Build Order

ToniFlex Zerg - Winner!

Build Orders: Hatch First 

Get SALT Encoding   

  12  0:00  Drone  
  13  0:12  Overlord  
  13  0:16  Drone  
  14  0:30  Drone x2  
  14  0:34  Drone  
  17  0:52  Hatchery, Drone  
  17  0:56  Drone  
  18  1:06  Extractor  
  18  1:11  Spawning Pool  
  16  1:13  Drone  
  16  1:17  Drone  
  18  1:28  Drone  
  19  1:38  Drone  
  20  1:50  Drone  
  21  2:00  Overlord  
  21  2:03  Queen x2  
  25  2:09  Zergling x2  
  25  2:10  Metabolic Boost  
  25  2:11  Zergling x2  
  25  2:14  Zergling x2  
  28  2:23  Zergling x2  
  28  2:26  Zergling x2  
  30  2:32  Zergling x2  
  30  2:36  Zergling x2  
  32  2:45  Zergling x2  
  32  2:47  Zergling x2  
  34  2:53  Overlord  
  34  2:57  Zergling x2  
  35  3:01  Lair  
  35  3:11  Zergling x10  
  40  3:13  Zergling x2  
  40  3:14  Zergling x4  
  40  3:19  Zergling x2  
  44  3:22  Overlord  
  44  3:28  Overlord  
  44  3:36  Overlord  
  43  3:51  Zergling x10  
  43  3:52  Zergling x4  
  49  4:03  Drone x2  
  49  4:05  Drone  
  49  4:09  Drone  
  50  4:15  Drone  
  51  4:25  Drone  
  51  4:26  Drone  
  50  4:46  Zergling x6  
  46  4:54  Zergling x6  
  46  4:55  Zergling x2, Drone x3  
  46  4:59  Drone  
  54  5:02  Drone  
  55  5:09  Drone  
  52  5:19  Drone  
  52  5:20  Drone  
  52  5:24  Drone  
  52  5:26  Queen x2  
  52  5:30  Drone  
  52  5:32  Extractor  
  52  5:35  Evolution Chamber  
  48  5:36  Hatchery  
  48  5:38  Evolution Chamber, Drone, Extractor  
  48  5:40  Extractor  
  48  5:41  Drone  
  46  5:49  Drone x4  
  48  5:51  Drone  
  48  5:52  Drone x2  
  49  6:04  Zerg Missile Weapons Level 1, Zerg Ground Armor Level 1  
  49  6:05  Hydralisk Den  
  49  6:06  Drone  
  49  6:08  Drone x2  
  51  6:11  Drone  
  51  6:14  Drone  
  54  6:18  Drone x2  
  54  6:19  Drone  
  54  6:24  Spore Crawler  
  55  6:26  Spore Crawler  
  55  6:27  Spore Crawler  
  55  6:28  Spore Crawler  
  55  6:29  Drone x2  
  55  6:30  Drone  
  55  6:36  Overlord  
  55  6:37  Overlord x2  
  55  6:40  Grooved Spines  
  55  6:45  Zergling x2  
  55  6:46  Zergling x2  
  57  6:47  Zergling x4  
  59  6:55  Infestation Pit  
  58  7:05  Drone  
  58  7:06  Drone x7  
  66  7:09  Drone  
  66  7:11  Zergling x2  
  66  7:12  Zergling x2  
  66  7:14  Zergling x2  
  66  7:15  Zergling x4  
  72  7:22  Hydralisk x2  
  76  7:25  Hydralisk x2  
  76  7:27  Hydralisk  
  82  7:30  Zergling x2  
  82  7:31  Muscular Augments  
  83  7:39  Hydralisk x3  
  89  7:46  Hive  
  89  7:47  Overlord x2  
  89  7:49  Overlord  
  89  7:57  Lurker Den  
  88  7:59  Zerg Missile Weapons Level 2, Zerg Ground Armor Level 2  
  88  8:06  Extractor  
  88  8:07  Extractor, Hydralisk x2  
  88  8:09  Hydralisk  
  88  8:11  Hydralisk  
  94  8:14  Hydralisk  
  94  8:19  Hydralisk x2  
  98  8:25  Queen  
  102  8:35  Hydralisk x2  
  106  8:44  Overlord x2  
  106  8:45  Overlord x2  
  102  9:05  Hydralisk x2  
  102  9:06  Hydralisk x5  
  116  9:11  Nydus Network  
  116  9:16  Hydralisk x2  
  119  9:18  Hydralisk  
  119  9:20  Zergling x2  
  119  9:22  Zergling x2  
  120  9:35  Zergling x16  
  125  9:54  Nydus Canal  
  125  10:00  Hydralisk x2  
  125  10:01  Hydralisk x4  
  137  10:16  Zerg Missile Weapons Level 3  
  137  10:17  Zerg Ground Armor Level 3  
  137  10:22  Nydus Canal  
  137  10:26  Overlord x3  
  137  10:29  Zergling x2  
  117  10:58  Hydralisk  
  117  10:59  Hydralisk x2  
  94  11:05  Hydralisk x3  
  94  11:06  Hydralisk x6  
  112  11:18  Unknown  
  112  11:21  Hydralisk x3, Drone  
  112  11:22  Hydralisk  
  121  11:37  Hydralisk  
  121  11:38  Hydralisk x4  
  131  11:41  Nydus Canal  
  131  11:47  Queen  
  131  11:48  Drone  
  131  11:50  Drone  
  135  12:00  Adaptive Talons  
  135  12:03  Drone x3  
  138  12:36  Hydralisk x2  
  138  12:37  Hydralisk x8  
  140  12:42  Hydralisk  
  160  12:57  Seismic Spines  
  158  13:04  Hydralisk x2  
  158  13:05  Hydralisk  
  148  13:36  Nydus Canal  
  148  13:37  Hydralisk  
  148  13:38  Hydralisk x6  
  162  13:42  Hatchery  
  150  14:30  Hydralisk x6  
  162  14:31  Overlord  
  162  14:32  Overlord x6  
  162  14:52  Hydralisk  
  162  14:53  Hydralisk x10  
  162  14:55  Extractor  
  162  14:59  Extractor  
  182  15:03  Nydus Canal  
  182  15:06  Hydralisk  
  182  15:07  Hydralisk x2  
  188  15:18  Hydralisk x3  
  188  15:19  Hydralisk  
  164  15:29  Hydralisk x2  
  164  15:30  Hydralisk  
  158  15:46  Hydralisk x2  
  158  15:47  Hydralisk x3  
  158  15:48  Hydralisk  
  170  15:55  Infestor  
  170  15:56  Infestor  
  174  16:01  Hydralisk  
  174  16:04  Hydralisk  
  162  16:27  Hydralisk x7  
  162  16:29  Hydralisk  
  174  16:36  Hydralisk x2  
  174  16:38  Hydralisk  
  170  16:48  Lurker  
  170  16:49  Lurker x6  
  177  16:57  Hydralisk x2  
  163  17:12  Hydralisk x5  
  163  17:13  Hydralisk  
Tags
 
Add a new tag
Caveats
  • Supply blocks, unpowered buildings, or Contaminate may cause inaccurate times.
  • Supply counts are checked every 10 seconds.